[Event "*** Titled Tuesday Blitz"]
[Site "Chess.com"]
[Date "2020.04.21"]
[Round "3"]
[White "Corpescador"]
[Black "MartinCerveny"]
[Result "0-1"]
[WhiteElo "2390"]
[BlackElo "2607"]
[TimeControl "180+1"]
[EndTime "10:28:44 PDT"]
[Termination "MartinCerveny won by resignation"]

1. e4 c5 2. Nf3 d6 3. d4 cxd4 4.
Nxd4 Nf6 5. Nc3 a6 6. Be3 e5 7.
Nb3 Be6 8. f3 Nbd7 9. Qd2 b5 10.
O-O-O Rc8 11. Kb1 Be7 12. g4 Nb6 13. g5 Nh5 14. Nd5 Bxd5 15. exd5 Nc4 16. Qc1 Nxe3 17. Qxe3 Bxg5 18. Qe4 O-O 19. a4 f5 20. Qb4 bxa4 21. Na5 Rb8 22. Qxa4 Qb6 23. Qa3 Nf6 24. Nc6 Rb7 25.
Bc4 a5 26. b3 a4 27. Qxd6 axb3 28. Bxb3 Ne8 29. Qxe5 Bf6 30. Qe6+ Kh8 31. Rhe1 Qa6 32. Ne5 Qa5 33. d6 Rxb3+ 34. cxb3 Nxd6 35. Rxd6 Qxe1+ 36. Ka2 Qxe5 37. Qxe5 Bxe5 38. Rf6 Bxf6 0-1

[Event "*** Titled Tuesday Blitz"]
[Site "Chess.com"]
[Date "2020.04.21"]
[Round "3"]
[White "Neimar24"]
[Black "obliviate12"]
[Result "0-1"]
[WhiteElo "2559"]
[BlackElo "2774"]
[TimeControl "180+1"]
[EndTime "10:28:45 PDT"]
[Termination "obliviate12 won by resignation"]

1. e4 c5 2. Nf3 d6 3. d4 cxd4 4. Nxd4 Nf6 5. Nc3 a6 6. Qe2 b5 7.
f4 Bb7 8. a3 e5 9. Nf5 g6 10. Ng3 Nbd7 11. Be3 Rc8 12. Qd2 h5 13. Bd3 Ng4 14. Nf1 Bh6 15. g3 Nxe3 16. Nxe3 exf4 17.
gxf4 Qh4+ 18. Qf2 Qxf4 19. Ned5 Qe5 20. O-O O-O 21. Qg2 Bg7 22. Rae1 Rfe8 23. Kh1 Qd4 24. Rf3 Ne5 25. Rg3 Bxd5 26. Nxd5 Qxb2 27. Rf1 Nxd3 28.
cxd3 Rc2 29. Qh3 Be5 30. Qd7 Rf8 31. Rxg6+ Kh8 32. Rh6+ Kg7 33. Rh7+ Kxh7 34. Qf5+ Kh6 0-1

[Event "*** Titled Tuesday Blitz"]
[Site "Chess.com"]
[Date "2020.04.21"]
[Round "3"]
[White "Grieve72"]
[Black "1f3_2g41-0"]
[Result "0-1"]
[WhiteElo "2350"]
[BlackElo "2169"]
[TimeControl "180+1"]
[EndTime "10:28:45 PDT"]
[Termination "1f3_2g41-0 won by checkmate"]

1. e4 c5 2. Nf3 d6 3. d4 cxd4 4. Nxd4 Nf6 5. Nc3 a6 6. f3 e5 7.
Nb3 Be7 8. Be3 O-O 9. Qd2 Be6 10. O-O-O b5 11. g4 Nbd7 12. g5 Nh5 13. Kb1 Nb6 14. Nd5 Nxd5 15. exd5 Bf5 16. Rg1 a5 17. Bxb5 a4 18. Nc1 f6 19. h4 fxg5 20. hxg5 Bg6 21.
Bd3 Rxf3 22. Bxg6 hxg6 23. Nd3 Qa5 24. Qe2 Raf8 25. Nf2 a3 26. Ne4 axb2 27. Rd3 Qa4 28. Nc3 Qc4 29. Rd2 Qxc3 30. Rd3 Qc4 31. Rgd1 e4 32. R3d2 Qxe2 33. Rxe2 Ng3 34. Rh2 Rxe3 35. Kxb2 Bxg5 36. c3 Bf6 37. Rc1 Rb8+ 38. Ka3 Bxc3 39. Rhc2 Bb2+ 40. Ka4 Ra3# 0-1

[Event "*** Titled Tuesday Blitz"]
[Site "Chess.com"]
[Date "2020.04.21"]
[Round "3"]
[White "chenxiaoyuer"]
[Black "Manukyan_Artak"]
[Result "0-1"]
[WhiteElo "2116"]
[BlackElo "2350"]
[TimeControl "180+1"]
[EndTime "10:28:45 PDT"]
[Termination "Manukyan_Artak won by checkmate"]

1. e4 c5 2. Nf3 a6 3. g3 d6 4.
Bg2 Nc6 5. O-O Nf6 6. d3 g6 7.
Nbd2 Bg7 8. Re1 e5 9. Nf1 O-O 10. Bg5 h6 11. Bxf6 Bxf6 12. Ne3 Be6 13. Nd2 b5 14. h4 h5 15. c3 Qd7 16. Kh2 Bg7 17.
a4 Kh7 18. Qc2 Bh6 19. Nf3 b4 20. c4 Bg4 21. Nd5 Qd8 22. Ne3 Bxf3 23. Bxf3 Nd4 24. Qd1 b3 25. Nd5 Nc2 26. Re2 Nxa1 27. Qxa1 Qa5 28.
Qa3 Rab8 29. Nf6+ Kg7 30. Nd7 Rb4 31. Nxf8 Kxf8 32. Qa1 Rxa4 33. Qd1 Ra1 34. Qxb3 Kg7 35. Qb7 Re1 36. Kg2 Rxe2 37. Bxe2 Qd2 38. Kf1 Qc1+ 39.
Kg2 a5 40. Qb6 Bd2 41. Qxd6 Qxb2 42. Qxc5 a4 43. Bf3 a3 44. Qd5 a2 45. c5 a1=Q 46.
c6 Be3 47. c7 Qxf2+ 48. Kh3 Qaf1+ 49. Bg2 Q1xg2# 0-1

[Event "*** Titled Tuesday Blitz"]
[Site "Chess.com"]
[Date "2020.04.21"]
[Round "3"]
[White "Durarbayli"]
[Black "Yanidze"]
[Result "1-0"]
[WhiteElo "2811"]
[BlackElo "2460"]
[TimeControl "180+1"]
[EndTime "10:28:46 PDT"]
[Termination "Durarbayli won by resignation"]

1. e4 d6 2. d4 Nf6 3. Nc3 g6 4. g3 Bg7 5. Bg2 O-O 6. Nge2 c6 7. a4 Nbd7 8. h3 Qc7 9. Be3 e5 10. O-O Rd8 11. f4 Nh5 12. Kh2 exf4 13. Nxf4 Nxf4 14.
Rxf4 Nf6 15. Qf3 Nh5 16. Rh4 d5 17. exd5 cxd5 18. Rxh5 gxh5 19. Qxh5 Be6 20. Rf1 Rac8 21. Nxd5 Rxd5 22. Bxd5 Qxc2+ 23. Rf2 Qd3 24. Bxe6 fxe6 25. Qf7+ Kh8 26. Qxe6 Rg8 27. d5 a6 28. d6 Qg6 29.
Qxg6 hxg6 30. Bb6 Bf8 31. Rxf8 Rxf8 32. d7 Rf2+ 33. Bxf2 1-0

[Event "*** Titled Tuesday Blitz"]
[Site "Chess.com"]
[Date "2020.04.21"]
[Round "3"]
[White "Chessmasterzt"]
[Black "Mazanchenko_Dmitry"]
[Result "1-0"]
[WhiteElo "2495"]
[BlackElo "2121"]
[TimeControl "180+1"]
[EndTime "10:28:46 PDT"]
[Termination "Chessmasterzt won on time"]

1. Nf3 g6 2. c4 Bg7 3. d4 d6 4. Nc3 Bg4 5. g3 Bxf3 6. exf3 Nc6 7. d5 Nd4 8. Be3 e5 9. dxe6 Nxe6 10. f4 Ne7 11. Bg2 O-O 12. O-O Nc6 13. f5 gxf5 14.
Bxc6 bxc6 15. Qf3 Bxc3 16. bxc3 Qf6 17. Qxc6 f4 18. Bd2 Qf5 19. Qd5 Qxd5 20. cxd5 Ng5 21. Kh1 Ne4 22. Bxf4 Nxc3 23. Bh6 Rfe8 24. Rac1 Nxd5 25.
Rfd1 Re5 26. f4 Rh5 27. Bg5 Ne3 28. Rd2 Kg7 29. Rc3 h6 30. Be7 Nf5 31. g4 Nxe7 32.
gxh5 Rb8 33. Rxc7 Nf5 34. Kg2 d5 35. Rxa7 1-0

[Event "*** Titled Tuesday Blitz"]
[Site "Chess.com"]
[Date "2020.04.21"]
[Round "3"]
[White "letsgoband"]
[Black "Dedic8"]
[Result "0-1"]
[WhiteElo "2454"]
[BlackElo "2788"]
[TimeControl "180+1"]
[EndTime "10:28:47 PDT"]
[Termination "Dedic8 won by checkmate"]

1. e4 e5 2. Nf3 Nc6 3. Bb5 a6 4. Ba4 Nf6 5. O-O Be7 6. Re1 b5 7. Bb3 O-O 8. h3 Bb7 9. Nc3 d6 10. Nd5 Na5 11. Nxe7+ Qxe7 12. d3 c5 13. Bd2 Nxb3 14.
axb3 b4 15. Nh4 Rfe8 16. Qf3 Qe6 17. Nf5 g6 18. Nh6+ Kg7 19. g4 Ng8 20. Nxg8 Rxg8 21. h4 Raf8 22. Qg3 h6 23. f4 Kh7 24. Kh2 f5 25. h5 fxe4 26. hxg6+ Qxg6 27. fxe5 Rf3 28.
Qh4 dxe5 29. dxe4 Rgf8 30. Re2 Bc8 31. Rg1 Be6 32. Rg3 Rxg3 33. Kxg3 c4 34. Rh2 Kg8 35. Qxh6 Qxg4# 0-1

[Event "*** Titled Tuesday Blitz"]
[Site "Chess.com"]
[Date "2020.04.21"]
[Round "3"]
[White "EnergeticHay"]
[Black "binbin239"]
[Result "0-1"]
[WhiteElo "2208"]
[BlackElo "2440"]
[TimeControl "180+1"]
[EndTime "10:28:47 PDT"]
[Termination "binbin239 won on time"]

1. e4 c5 2. Nf3 Nc6 3. d4 cxd4 4. Nxd4 g6 5. c4 Nf6 6. Nc3 d6 7. Be2 Nxd4 8. Qxd4 Bg7 9. Be3 O-O 10. Qd2 Be6 11.
O-O-O Qa5 12. f3 Rfc8 13. b3 b5 14. Nd5 Qa3+ 15. Kb1 Bxd5 16. cxd5 a5 17. Bxb5 a4 18. bxa4 Rxa4 19. Bxa4 Qxa4 20. Qb2 Nxe4 21. Bd4 Nc3+ 22. Bxc3 Bxc3 23. Qb3 Qa7 24. Rc1 Rb8 25. Rxc3 Rxb3+ 26. Rxb3 Qf2 27. Rb2 Qd4 28. Rc1 Qxd5 29. Rcc2 e5 30. Rd2 Qc5 31. a4 d5 32. Rb5 Qc4 33. Rdxd5 Qxa4 34. Rxe5 Qd1+ 35. Kb2 Qd2+ 36. Kb3 Qxg2 37. Re7 Qxf3+ 38.
Ka4 Qf4+ 39. Rb4 Qxh2 40. Rbb7 Qf4+ 41. Kb3 h5 0-1

[Event "*** Titled Tuesday Blitz"]
[Site "Chess.com"]
[Date "2020.04.21"]
[Round "3"]
[White "Oligan22"]
[Black "IsikCan"]
[Result "1-0"]
[WhiteElo "2431"]
[BlackElo "2634"]
[TimeControl "180+1"]
[EndTime "10:28:48 PDT"]
[Termination "Oligan22 won on time"]

1. e4 c6 2. Nc3 d5 3. Nf3 Nf6 4.
e5 Ne4 5. Ne2 Qb6 6. d4 e6 7.
Ng3 c5 8. c3 cxd4 9. Nxe4 dxe4 10. Nxd4 Nc6 11. Bb5 Bd7 12. Bxc6 Bxc6 13. Nxc6 Qxc6 14.
O-O Bc5 15. Qg4 O-O-O 16. Bg5 Rd3 17. Rae1 h6 18. Be3 g5 19. Bxc5 Qxc5 20. Rxe4 Rhd8 21.
Rc4 R3d5 22. Rxc5+ Rxc5 23. f4 Rd7 24. fxg5 hxg5 25.
Qxg5 Rcd5 26. h4 Rd2 27. Rf2 Rd1+ 28. Kh2 Re1 29. h5 Rdd1 30. Rxf7 Rh1+ 31. Kg3 Rd3+ 32. Rf3 Rd8 33. h6 Rh8 34. Rf6 Rd8 35. Qg7 Rd3+ 36. Rf3 Rd7 37. Rf7 Rd3+ 38. Kf2 Rd2+ 39. Ke3 1-0

[Event "*** Titled Tuesday Blitz"]
[Site "Chess.com"]
[Date "2020.04.21"]
[Round "3"]
[White "Angel_Hranitel_37"]
[Black "garfield_pg"]
[Result "1-0"]
[WhiteElo "2390"]
[BlackElo "2198"]
[TimeControl "180+1"]
[EndTime "10:28:48 PDT"]
[Termination "Angel_Hranitel_37 won on time"]

1. d4 Nf6 2. Nf3 g6 3. g3 Bg7 4. Bg2 O-O 5. O-O c5 6. dxc5 Na6 7. Bg5 Nxc5 8. Qc1 Qb6 9. c3 d6 10. Na3 Be6 11. Nd4 Rfc8 12. Nxe6 Nxe6 13. Be3 Qc7 14. Nb5 Qb8 15. Rd1 a6 16. Nd4 Nxd4 17. Bxd4 Qc7 18.
Qc2 Rab8 19. Qb3 b5 20. e4 Qc4 21. Qa3 b4 22. cxb4 Rxb4 23. Bf1 Ra4 24. Bxc4 Rxa3 25. Bxf7+ Kxf7 26. bxa3 Nxe4 27. Bxg7 Kxg7 28. Kf1 Rc2 29. Re1 Rc4 30. Re2 e5 31. f3 Nc5 32. Rd1 Nb7 33.
Rb2 Rc7 34. Rb6 a5 35. Rdb1 Nc5 36. Rxd6 Re7 37. Rbd1 1-0

[Event "*** Titled Tuesday Blitz"]
[Site "Chess.com"]
[Date "2020.04.21"]
[Round "3"]
[White "asms9699"]
[Black "Richarzard69"]
[Result "1-0"]
[WhiteElo "2623"]
[BlackElo "2256"]
[TimeControl "180+1"]
[EndTime "10:28:49 PDT"]
[Termination "asms9699 won on time"]

1. c4 Nf6 2. g3 c5 3. Bg2 g6 4.
Nc3 Bg7 5. Nf3 Nc6 6. O-O O-O 7.
d4 cxd4 8. Nxd4 Ng4 9. Nc2 d6 10. Bd2 Bd7 11. b3 a6 12. Rc1 Rb8 13. h3 Nf6 14.
Ne3 b5 15. Ncd5 bxc4 16. Rxc4 Nxd5 17. Nxd5 e6 18. Ne3 d5 19. Rc1 Qe7 20. Qc2 Rfc8 21. Qb1 Qa3 22. Nc2 Qe7 23. Rfd1 a5 24. a3 Rb7 25. b4 axb4 26. axb4 Rcb8 27. Qa2 Ne5 28. Bf4 g5 29. Be3 Nc4 30. Bd4 f6 31. Bc5 Qe8 32. Rxd5 exd5 33. Bxd5+ Be6 34. Bxc4 Bxc4 35. Qxc4+ Qf7 36.
Qd3 f5 37. Ne3 f4 38. Nc4 fxg3 39. Qxg3 Qd5 40. e4 Qxe4 41. Nd6 Qg6 42. Nxb7 1-0

[Event "*** Titled Tuesday Blitz"]
[Site "Chess.com"]
[Date "2020.04.21"]
[Round "3"]
[White "GMAkobianSTL"]
[Black "MateSchmate"]
[Result "1-0"]
[WhiteElo "2795"]
[BlackElo "2459"]
[TimeControl "180+1"]
[EndTime "10:28:49 PDT"]
[Termination "GMAkobianSTL won by resignation"]

1. d4 c5 2. d5 e5 3. e4 d6 4. Nc3 g6 5. f4 exf4 6. Bxf4 Bg7 7. Nb5 Be5 8. Bxe5 dxe5 9. Nf3 a6 10. Na3 Bg4 11.
Nc4 f6 12. a4 Ne7 13. Be2 Nc8 14. O-O Nd6 15. Nfd2 Bxe2 16. Qxe2 O-O 17. a5 Nxc4 18. Nxc4 Nd7 19. Ra3 Qc7 20. Rb3 Rf7 21. Nb6 Nxb6 22. Rxb6 Qe7 23. Re6 Qd8 24. Qf2 Kg7 25. Qxc5 Rc8 26.
Qf2 f5 27. Rxe5 Qc7 28. Qd4 Qc5 29. Qxc5 Rxc5 30. exf5 gxf5 31. c3 Kg6 32. Rd1 Rd7 33.
Re6+ Kg5 34. d6 Rxa5 35. Re7 Rxe7 36. dxe7 Re5 37. Rd7 b5 38. Ra7 f4 39. Kf2 h5 40.
Rxa6 Rxe7 41. Ra5 Rd7 42. Rxb5+ Kg4 43. Re5 Rd2+ 44. Re2 Rd1 45. Rc2 h4 46. h3+ Kf5 47. c4 Ke6 48. c5 Kd7 49. c6+ Kc7 50. b4 Rd4 51. b5 Rb4 52. Rc5 Rb3 53. Rf5 Kd6 54.
Rxf4 Rxb5 55. Rxh4 Kxc6 56. Rd4 Kc5 57. Rd1 Rb8 58. h4 Rh8 59. g3 Rd8 60. Rxd8 1-0

[Event "*** Titled Tuesday Blitz"]
[Site "Chess.com"]
[Date "2020.04.21"]
[Round "3"]
[White "x-5963514717"]
[Black "poliplaza"]
[Result "1-0"]
[WhiteElo "2637"]
[BlackElo "2410"]
[TimeControl "180+1"]
[EndTime "10:28:49 PDT"]
[Termination "x-5963514717 won on time"]

1. Nf3 c5 2. g3 Nc6 3. d4 e6 4.
Bg2 d5 5. O-O Nf6 6. c4 Be7 7.
cxd5 exd5 8. dxc5 Bxc5 9. Nc3 O-O 10. a3 Re8 11. b4 Bb6 12. Bb2 Bg4 13. Na4 Bc7 14.
Rc1 Ne4 15. Nc5 Nxc5 16. Rxc5 d4 17. Nxd4 Nxd4 18. Qxd4 Qxd4 19. Bxd4 Bb6 20. Rd5 Bxe2 21. Rc1 Rac8 22. Rxc8 Rxc8 23. Be4 f5 24. Bxf5 Rc1+ 25.
Kg2 Bc4 26. Rd7 Bb5 27. Be6+ Kf8 28. Rf7+ Ke8 29. Bxb6 axb6 30. Rxg7 Bc6+ 31. Kh3 Rc3 32. Rxh7 Rxa3 33. Rh4 Ra1 34. Rd4 Ke7 35. Bd5 Bd7+ 36. g4 Rf1 37. Kg2 Rc1 38. h3 Rc3 39. Bxb7 Rb3 40. h4 1-0

[Event "*** Titled Tuesday Blitz"]
[Site "Chess.com"]
[Date "2020.04.21"]
[Round "3"]
[White "Chessalary"]
[Black "StegariuVlad"]
[Result "0-1"]
[WhiteElo "2251"]
[BlackElo "2509"]
[TimeControl "180+1"]
[EndTime "10:28:49 PDT"]
[Termination "StegariuVlad won by resignation"]

1. e4 e5 2. Nf3 Nc6 3. Bc4 Bc5 4.
c3 Nf6 5. d4 exd4 6. cxd4 Bb4+ 7.
Bd2 Bxd2+ 8. Nbxd2 d5 9. exd5 Nxd5 10. Qb3 Nce7 11. O-O O-O 12. Rfe1 c6 13. Ne4 Rb8 14.
Nc3 Be6 15. Ng5 Qd7 16. Nxe6 fxe6 17. Ne4 b6 18. Ng5 Rf6 19. Qh3 Rh6 20. Qg4 Nf5 21.
Bd3 Rf8 22. g3 Rg6 23. Qh5 Rh6 24. Qg4 Nf6 25. Qe2 Nxd4 26. Qe3 Ng4 27. Bxh7+ Rxh7 28. Qe4 Nf6 29. Qd3 Rh5 30. Nxe6 Nxe6 31. Qxd7 Nxd7 32. Rxe6 Rc5 33. Rd1 Nf6 34. Re7 Rc2 35. Rxa7 Rxb2 36. Re1 Rf7 37. Ra8+ Kh7 38. Re6 c5 39. a4 Rc7 40. a5 bxa5 41. Rxa5 c4 42. Ra1 c3 43.
Ree1 c2 44. Rac1 Nd5 45. Re2 Nb4 46. Ree1 Nd3 0-1

[Event "*** Titled Tuesday Blitz"]
[Site "Chess.com"]
[Date "2020.04.21"]
[Round "3"]
[White "David_Paravyan"]
[Black "bascheyaro"]
[Result "0-1"]
[WhiteElo "2996"]
[BlackElo "2713"]
[TimeControl "180+1"]
[EndTime "10:28:50 PDT"]
[Termination "bascheyaro won on time"]

1. d4 Nf6 2. c4 e6 3. Nc3 d5 4.
cxd5 exd5 5. Bg5 c6 6. e3 h6 7. Bh4 Nbd7 8. Bd3 Bd6 9. f4 g5 10. Bg3 Nf8 11. Nf3 Bg4 12. O-O Ne6 13. f5 Nc7 14.
Qe1 Bxf3 15. gxf3 Qd7 16. Be5 Qe7 17. f4 O-O-O 18. Kh1 Rhg8 19. Rb1 Nd7 20. b4 f6 21. Bxd6 Qxd6 22. Na4 Rde8 23. Qd2 Nb6 24. Nxb6+ axb6 25. a4 Re7 26. b5 c5 27. a5 c4 28. Bc2 Rge8 29. Rfe1 gxf4 30. exf4 Rxe1+ 31. Rxe1 Rxe1+ 32. Qxe1 bxa5 33. Qh4 Nxb5 34. Qxh6 Nxd4 35. Bd1 c3 36. Qh8+ Kc7 37. Qg7+ Kb6 38. Qg3 c2 39. Bxc2 Nxc2 40. h4 d4 41. Qf2 Ka6 42. Qxc2 Qxf4 43. Qd2 Qxd2 0-1

[Event "*** Titled Tuesday Blitz"]
[Site "Chess.com"]
[Date "2020.04.21"]
[Round "3"]
[White "kallerotmg"]
[Black "varacalli"]
[Result "1-0"]
[WhiteElo "2174"]
[BlackElo "2357"]
[TimeControl "180+1"]
[EndTime "10:28:50 PDT"]
[Termination "kallerotmg won by resignation"]

1. c4 e6 2. Nc3 d5 3. d4 Nf6 4. Bg5 Nbd7 5. e3 c6 6. Nf3 Qa5 7. cxd5 Nxd5 8. Qb3 h6 9. Bh4 Bb4 10.
Rc1 c5 11. a3 Bxc3+ 12. bxc3 cxd4 13. exd4 b6 14. Nd2 Ba6 15. Nc4 Bxc4 16. Bxc4 O-O 17. O-O Rac8 18. Bg3 Rc6 19. Bb5 Rfc8 20. c4 N5f6 21.
Bxc6 Rxc6 22. Qb5 Qxb5 23. cxb5 Rxc1 24. Rxc1 Nd5 25. Rc8+ Kh7 26. Ra8 N7f6 27. Rxa7 Ne4 28. f3 Nec3 29. a4 Ne2+ 30. Kf2 Nxd4 31. Bc7 Nb3 32.
Rb7 Nc5 33. Ra7 Nc3 34. Bxb6 N5xa4 35. Bd4 f6 36. Bxf6 Nxb5 37. Rxg7+ Kh8 38. Rb7+ Kg8 39. Rxb5 1-0

[Event "*** Titled Tuesday Blitz"]
[Site "Chess.com"]
[Date "2020.04.21"]
[Round "3"]
[White "MihailNik"]
[Black "Glidzhian_Gor"]
[Result "1-0"]
[WhiteElo "2737"]
[BlackElo "2437"]
[TimeControl "180+1"]
[EndTime "10:28:51 PDT"]
[Termination "MihailNik won by resignation"]

1. c4 Nf6 2. g3 d6 3. Bg2 g6 4. Nc3 Bg7 5. e4 O-O 6. Nge2 Nbd7 7. O-O e5 8. d3 a6 9. h3 Nc5 10. Be3 b6 11. f4 exf4 12. gxf4 Bb7 13. f5 Nh5 14.
Qd2 Qd7 15. Bf3 Nf6 16. Bg2 Nh5 17. Bf3 Nf6 18. Bg5 gxf5 19. Bg2 Kh8 20. Rxf5 Ng8 21. Raf1 b5 22. b3 bxc4 23. bxc4 Rae8 24. Be3 Ne6 25. Ng3 Nd4 26. Rh5 f5 27. Nxf5 Nxf5 28. Rhxf5 Rxf5 29. Rxf5 Re5 30. Rxe5 dxe5 31. Nd1 Ne7 32. Nf2 Ng6 33.
Bh6 Qd4 34. Bxg7+ Kxg7 35. Bf1 Bc8 36. Qg5 a5 37. h4 h6 38. Qg3 Kh7 39. h5 Nf4 40.
Qh4 Qe3 41. Qe7+ Kg8 42. Qd8+ Kh7 43. Qxc7+ Kg8 44. Qxc8+ Kh7 45. Qf5+ Kh8 46. Qxe5+ Kh7 47. Qf5+ Kh8 48. Qg4 a4 49. a3 Ne6 50. Qxe6 1-0

[Event "*** Titled Tuesday Blitz"]
[Site "Chess.com"]
[Date "2020.04.21"]
[Round "3"]
[White "DejanNestor64"]
[Black "Arman_Hakemi"]
[Result "1-0"]
[WhiteElo "2399"]
[BlackElo "2570"]
[TimeControl "180+1"]
[EndTime "10:28:51 PDT"]
[Termination "DejanNestor64 won by checkmate"]

1. d4 Nf6 2. c4 e6 3. Nc3 Bb4 4. Nf3 O-O 5. Bg5 c5 6. Rc1 cxd4 7. Nxd4 b6 8. a3 Be7 9. e3 Bb7 10. Bd3 h6 11. Bh4 Nc6 12. O-O Ne5 13. Be2 Rc8 14. Ndb5 a6 15. Nd6 Bxd6 16. Qxd6 Nxc4 17. Bxc4 Rxc4 18.
Bxf6 gxf6 19. Rfd1 Rg4 20. g3 Bc6 21. Ne2 Qa8 22.
Nd4 Bh1 23. Kf1 Bg2+ 24. Ke1 b5 25. Rc7 Bd5 26. Rxd7 Bc4 27. b3 Bd5 28. Rc1 Be4 29.
Rcc7 Bg6 30. Nxe6 Qh1+ 31. Ke2 Qb1 32. Qxf8+ Kh7 33. Qg7# 1-0

[Event "*** Titled Tuesday Blitz"]
[Site "Chess.com"]
[Date "2020.04.21"]
[Round "3"]
[White "Oleksandr_Bortnyk"]
[Black "ZAbdumalik"]
[Result "1-0"]
[WhiteElo "3030"]
[BlackElo "2697"]
[TimeControl "180+1"]
[EndTime "10:28:52 PDT"]
[Termination "Oleksandr_Bortnyk won on time"]

1. e4 e5 2. Bc4 Nc6 3. d3 Nf6 4.
Nc3 Bc5 5. Be3 d6 6. Bxc5 dxc5 7.
Nge2 O-O 8. Qd2 Nd4 9. f4 exf4 10. Nxf4 c6 11. O-O b5 12. Bb3 c4 13. e5 Ne8 14.
Ne4 cxb3 15. axb3 Nc7 16. Nh5 Kh8 17. Nxg7 Kxg7 18. Rf6 Nce6 19. Raf1 a5 20. c3 Ra7 21. Nd6 Qb6 22. Kh1 Kg8 23. Qf2 Qc5 24. Qg3+ Kh8 25. cxd4 Qxd4 26. Nf5 Qd5 27. Nh6 Ng7 28. h3 Be6 29.
R1f4 Rd7 30. d4 Qxb3 31. Qg5 Qd1+ 32. Kh2 Rxd4 33. Rxf7 Bxf7 34. Nxf7+ Rxf7 35. Rxf7 1-0

[Event "*** Titled Tuesday Blitz"]
[Site "Chess.com"]
[Date "2020.04.21"]
[Round "3"]
[White "EddieMarsalla"]
[Black "The_Chess_Coach"]
[Result "1-0"]
[WhiteElo "2506"]
[BlackElo "2143"]
[TimeControl "180+1"]
[EndTime "10:28:52 PDT"]
[Termination "EddieMarsalla won by resignation"]

1. d4 Nf6 2. Bg5 Ne4 3. Bf4 g6 4. Nd2 d5 5. Nxe4 dxe4 6. e3 Bg7 7. Bc4 O-O 8. h3 c5 9. c3 cxd4 10. exd4 Nc6 11. Ne2 e5 12. dxe5 Nxe5 13. Bxe5 Bxe5 14. Qxd8 Rxd8 15. Rd1 Rxd1+ 16. Kxd1 Bf5 17. g4 Bd7 18.
Kc2 Bc6 19. Rd1 Kg7 20. Nd4 Rd8 21. Ne6+ fxe6 22. Rxd8 h5 23. Bxe6 Kf6 24. Bd5 Ke7 25.
Bxc6 Kxd8 26. Bxe4 hxg4 27. hxg4 g5 28. Bxb7 Kc7 29.
Be4 Bf4 30. b4 a5 31. a4 Kb6 32. Kb3 Bd2 33. Kc4 Be1 34. f3 Bd2 35. Kd3 Be1 36. Kc4 Bd2 37. b5 Be3 38. Kd5 Bf2 39. c4 Be3 40.
Bd3 Bc5 41. f4 gxf4 42. g5 f3 43. g6 Bf8 44. c5+ Kc7 45. b6+ Kb7 46. Kc4 Ka6 47.
Kd4+ Kb7 48. Be4+ Ka6 49. b7 Ka7 50. Bxf3 Kb8 51. c6 Bg7+ 52. Kd5 Kc7 53. Ke6 Bc3 54. Kf7 Kb8 55. g7 Bxg7 56. Kxg7 Ka7 57. c7 Ka6 58. c8=Q Kb6 1-0

[Event "*** Titled Tuesday Blitz"]
[Site "Chess.com"]
[Date "2020.04.21"]
[Round "3"]
[White "WonderChampion"]
[Black "bupunsu01"]
[Result "0-1"]
[WhiteElo "1782"]
[BlackElo "2295"]
[TimeControl "180+1"]
[EndTime "10:28:52 PDT"]
[Termination "bupunsu01 won by checkmate"]

1. e4 e6 2. d4 d5 3. Nc3 Nf6 4. Bg5 Be7 5. e5 Nfd7 6. Bxe7 Qxe7 7. Nb5 Na6 8. c3 O-O 9. f4 c5 10. Nf3 cxd4 11. Nbxd4 Ndc5 12. Be2 Bd7 13. O-O Rac8 14. Bd3 Nxd3 15. Qxd3 Nc5 16. Qc2 Ne4 17. Nd2 Nxd2 18. Qxd2 f6 19. exf6 Qxf6 20. Rae1 b5 21. Qd3 a6 22.
Qe3 Rfe8 23. Rf3 Rc4 24. Rg3 b4 25. Rc1 bxc3 26. bxc3 Rec8 27. Ne2 Re4 28. Qf3 Bb5 29. Re1 Bxe2 30. Rxe2 Rxc3 31. Qf1 Rxe2 32. Rxc3 Qxc3 33. Qxe2 Qc1+ 34. Kf2 Qxf4+ 35. Kg1 Qd4+ 36. Kf1 Qc4 37. Qxc4 dxc4 38. Ke2 Kf7 39. Kd2 e5 40. Kc3 Ke6 41.
Kxc4 Kf5 42. Kd3 e4+ 43. Ke2 Ke5 44. Ke3 g5 45. g4 Kd5 46. h3 h6 47. a3 a5 48. a4 Ke5 49. h4 gxh4 50. g5 hxg5 51. Kf2 Kf4 52. Kg2 e3 53. Kh3 e2 54.
Kg2 e1=Q 55. Kh3 Qg3# 0-1

[Event "*** Titled Tuesday Blitz"]
[Site "Chess.com"]
[Date "2020.04.21"]
[Round "3"]
[White "jacky72"]
[Black "Grischuk"]
[Result "0-1"]
[WhiteElo "2708"]
[BlackElo "3089"]
[TimeControl "180+1"]
[EndTime "10:28:53 PDT"]
[Termination "Grischuk won by resignation"]

1. d4 Nf6 2. c4 g6 3. Nc3 Bg7 4. e4 d6 5. Be2 O-O 6. Bg5 Na6 7. Qd2 e5 8. d5 Nc5 9. f3 a5 10. g4 h6 11. Be3 h5 12. h3 Nh7 13. O-O-O h4 14.
Bd3 Bf6 15. Nge2 Bg5 16. Bc2 Bxe3 17. Qxe3 Qg5 18. f4 exf4 19. Nxf4 Bd7 20. Kb1 Rae8 21. Rde1 Re7 22. Ng2 Rfe8 23. Rhf1 Qxe3 24. Rxe3 Ng5 25. Rfe1 Kg7 26. b3 Bc8 27. a3 Nd7 28. Kb2 Ne5 29.
Rh1 Bd7 30. Nxh4 Rh8 31. Ng2 Bxg4 32. h4 Bf3 33. Rg1 Nh3 34. Rxf3 Nxg1 35. Rg3 Ngf3 36.
Bd1 Nxh4 37. Ne3 Kf8 38. Rh3 Kg8 39. Kc2 f5 40. exf5 Nxf5 41. Nxf5 gxf5 42. Rg3+ Rg7 43. Re3 Rh2+ 44. Kc1 f4 45. Re4 f3 46. Rf4 Nd3+ 0-1

[Event "*** Titled Tuesday Blitz"]
[Site "Chess.com"]
[Date "2020.04.21"]
[Round "3"]
[White "Kumi29"]
[Black "FMJoseHerrera"]
[Result "0-1"]
[WhiteElo "2401"]
[BlackElo "2613"]
[TimeControl "180+1"]
[EndTime "10:28:54 PDT"]
[Termination "FMJoseHerrera won by checkmate"]

1. d4 Nf6 2. Bg5 Ne4 3. h4 c5 4. d5 Qb6 5. Nd2 Nxd2 6. Bxd2 d6 7. e4 Nd7 8. Nf3 Nf6 9. Bd3 c4 10. Bxc4 Nxe4 11. O-O Bg4 12. Be3 Qb4 13. Qd4 Nf6 14.
c3 Qa5 15. b4 Qc7 16. Bb5+ Bd7 17. a4 a6 18. Bxd7+ Qxd7 19. Rfe1 Qf5 20. Qb6 Qd7 21. Rad1 g6 22. Bf4 Rd8 23. Ng5 Bg7 24. c4 O-O 25. Re2 Qg4 26. Qe3 Qxh4 27. Rde1 Ng4 28.
Qf3 Ne5 29. Bxe5 Bxe5 30. Nh3 Qxc4 31. Qe3 Qxb4 32. Qg5 Bf6 33. Qh6 Bg7 34. Qe3 Rde8 35. Nf4 Qxa4 36. Qf3 b5 37. Rxe7 Rxe7 38. Rxe7 Qa1+ 39.
Kh2 Qf6 40. Rd7 Qe5 41. g3 b4 42. Rb7 a5 43. Rb5 Qa1 44. Qg4 h5 45. Qd7 Be5 46.
Ne6 fxe6 47. Kg2 Qb2 48. Qxe6+ Kh8 49. Kh3 Qxf2 50. Qxg6 Qf1+ 51. Kh4 Bf6+ 52. Kxh5 Qh3# 0-1

[Event "*** Titled Tuesday Blitz"]
[Site "Chess.com"]
[Date "2020.04.21"]
[Round "3"]
[White "otrov-11"]
[Black "TST2014"]
[Result "0-1"]
[WhiteElo "2374"]
[BlackElo "2594"]
[TimeControl "180+1"]
[EndTime "10:28:54 PDT"]
[Termination "TST2014 won by resignation"]

1. d4 Nf6 2. c4 d6 3. Nf3 Nbd7 4. Nc3 e5 5. e4 Be7 6. Be2 c6 7. h3 O-O 8. Be3 a6 9. a4 Qc7 10. O-O a5 11. Rc1 Nb8 12. d5 Na6 13. Nd2 Ne8 14. f4 exf4 15. Bxf4 Nc5 16. Nb3 Nxb3 17. Qxb3 Bf6 18.
c5 Be5 19. Bxe5 dxe5 20. d6 Qd8 21. Bc4 Nf6 22. g4 h6 23. Rf2 Rb8 24. Rxf6 Qxf6 25. Rf1 Qg6 26. Ne2 h5 27. Ng3 hxg4 28. h4 b6 29. h5 Qg5 30. Rxf7 Rxf7 31. Bxf7+ Kh8 32. cxb6 Qc1+ 33. Kh2 Qd2+ 34. Kh1 Qxd6 35. Bg6 Be6 36. Qe3 Qd1+ 37. Kg2 Rd8 38. Nf1 Bc4 39. h6 Qxf1+ 0-1

[Event "*** Titled Tuesday Blitz"]
[Site "Chess.com"]
[Date "2020.04.21"]
[Round "3"]
[White "viditchess"]
[Black "viktorskliarov"]
[Result "1-0"]
[WhiteElo "2960"]
[BlackElo "2681"]
[TimeControl "180+1"]
[EndTime "10:28:55 PDT"]
[Termination "viditchess won by resignation"]

1. d4 Nf6 2. c4 e6 3. Nf3 b6 4. g3 Bb7 5. Bg2 Be7 6. O-O O-O 7. Re1 Na6 8. a3 c5 9. d5 exd5 10. Nh4 Re8 11. Nf5 Bf8 12. Nc3 Nc7 13. cxd5 d6 14.
e4 b5 15. b4 cxb4 16. axb4 Na6 17. Rb1 Rc8 18. Nxb5 Rc4 19. Bf4 Nxe4 20. Qd3 Qc8 21.
Rxe4 Qxf5 22. Qxc4 Bxd5 23. Qxd5 Qxd5 24. Rxe8 Qxb5 25.
Rbe1 Nc7 26. Rxf8+ Kxf8 27. Bxd6+ Kg8 28. Bxc7 h6 29. Bd6 Kh7 30. Bf1 Qb7 31. Bc5 a6 32. Ra1 Qd5 33. Rxa6 h5 34. Rd6 Qb3 35. h4 g6 36. Rd4 Qb2 37. Rf4 Kg7 38. Be3 Qb1 39.
b5 f5 40. b6 Kf6 41. Kg2 Qb3 42. Be2 Qd5+ 43. Bf3 Qb5 44. b7 Qb3 45. Rd4 Qb6 46. Rd2 Qb4 47. Bf4 1-0